 Dungeon Crawl Stone Soup version 0.31.0-32-g396128a36d (webtiles) character file.

Game seed: 5917607178688079416

757 spaghetti the Trooper (level 7, -1/67 HPs)
             Began as a Naga Chaos Knight on Mar 11, 2024.
             Was a Plaything of Xom.
             Slain by a hound (5 damage)
             ... on level 5 of the Dungeon.
             The game lasted 00:05:48 (4480 turns).

spaghetti the Trooper (Naga Chaos Knight)           Turns: 4480, Time: 00:05:48

Health: -1/67      AC:  4    Str: 17 (18) XL:     7   Next: 79%
Magic:  13/13      EV:  7    Int: 18 (21) God:    Xom [....*.]
Gold:   302        SH:  0    Dex:  9 (10) Spells: 5/14 levels left

rFire   + . .        f - +1 dagger (venom)
rCold   + . .        (no shield)
rNeg    . . .        b - +2 leather armour
rPois   +            (no helmet)
rElec   .            (no cloak)
rCorr   .            (no gloves)
SInv    +            q - +0 barding "Edausokk" {rF+ Str+4}
Will    .....        (no amulet)
Stlth   +            c - +6 ring of intelligence
HPRegen 0.31/turn    n - ring of protection from cold
MPRegen 0.13/turn

%: clarity
@: short of breath, corroded, on berserk cooldown, attractive, slowed, very slow
A: AC +2, large, see invisible, deformed body, poison resistance, slowness 2,
spit poison 2, naga tail 1, iridescent scales 1, clarity, deterioration 1, wild
magic 1
a: Breathe Poison Gas, Renounce Religion


You were on level 5 of the Dungeon.
You worshipped Xom.
You were a beloved toy of Xom.
You visited 1 branch of the dungeon, and saw 5 of its levels.

You collected 302 gold pieces.

Inventory:

Hand Weapons
 a - a +0 spear of chaos
 f - a +1 dagger of venom (weapon)
Armour
 b - a +2 leather armour (worn)
 q - the +0 barding "Edausokk" (worn) {rF+ Str+4}
   (Xom gifted it to you on level 3 of the Dungeon)

   Str+4:     It affects your strength (+4).
   rF+:       It protects you from fire.
Magical Staves
 k - a staff of cold
Jewellery
 c - a +6 ring of intelligence (left hand)
 n - a ring of protection from cold (right hand)
Wands
 j - a wand of roots (5)
Scrolls
 d - a scroll of revelation
 g - a scroll of brand weapon
 m - 2 scrolls of teleportation


   Skills:
 - Level 5.0 Fighting
 - Level 3.0 Polearms
 - Level 1.5 Armour
 - Level 0.7 Dodging
 - Level 4.0 Spellcasting
 + Level 3.4 Earth Magic
 - Level 5.0 Alchemy


You had 5 spell levels left.
You knew the following spells:

 Your Spells              Type           Power      Damage    Failure   Level
a - Petrify               Alch/Erth      24%        N/A       38%         4
b - Irradiate             Conj/Alch      8%         3d14      90%         5

Your spell library contained the following spells:

 Spells                   Type           Power      Damage    Failure   Level
 Foxfire                  Conj/Fire      16%        2x1d4     24%         1
 Sublimation of Blood     Necr           4%         N/A       34%         2
 Plasma Beam              Fire/Air       2%         2x1d12    100%        6
 Starburst                Conj/Fire      2%         6d3       100%        6


Dungeon Overview and Level Annotations

Branches:
Dungeon (5/15)             Temple (0/1) D:4

Altars:

Annotations:
D:1 Natasha


Innate Abilities, Weirdness & Mutations

Your serpentine skin is tough. (AC +2)
You have supernaturally acute eyesight. (SInv)
Armour fits poorly on your strangely shaped body.
Your system is resistant to poisons. (rPois)
You cover ground very slowly.
You can exhale a cloud of poison.
You have a snake-like lower body.
You are partially covered in iridescent scales. (AC +2)
You possess an exceptional clarity of mind.
Your body sometimes deteriorates upon taking damage.
Your spells are a little harder to cast, but a little more powerful.


Message History

You feel attractive to monsters.
An orc comes into view. It is wielding a +0 whip.
The orc is engulfed in poison gas.
The orc looks even sicker.
The orc hits you with a +0 hand axe.
* * * LOW HITPOINT WARNING * * *
A hound comes into view.
The orc is engulfed in poison gas.
The orc looks even sicker.
You kill the orc!
The orc is attracted toward you.
The hound is attracted toward you. "Serve the mortal, my child!"
The hound is engulfed in poison gas.
The hound is poisoned.
The hound is engulfed in poison gas.
The hound looks even sicker.
The orc is poisoned.
The hound is engulfed in poison gas.
The hound looks even sicker.
The orc is engulfed in poison gas.
The orc looks even sicker.
You kill the orc!
The hound is attracted toward you.
You swap places.
The hound misses your crimson imp. The hound bites your crimson imp.
Your crimson imp blinks!
You aren't carrying any potions.
Unknown command.
Okay, then.
Okay, then.
You hit the hound but do no damage.
The hound is severely wounded.
The hound bites you.
* * * LOW HITPOINT WARNING * * *
The hound bites you but does no damage.
You barely miss the hound.
The hound is severely wounded.
The hound barely misses you.
Your crimson imp closely misses the hound.
The hound bites you but does no damage.
Your crimson imp barely misses the hound.
You barely miss the hound.
The hound is severely wounded.
The hound bites you.
You die...
Xom yawns loudly!

....##.....
..##......# #........#
.......<.###
...........#
#####.#.##.#
##.......#
#####.....##.# .
#.@.......##.#.#
....###h###..).).....l
......5)# ##...#####.#
....##.## ##.## .. #!
#.# #) #.# #. ..# .ยง
#.# .# #.


You could see a hound (very poisoned, ally target) and a friendly crimson imp
(summoned).

Vanquished Creatures
  Sigmund (D:2)
  Dowan (D:5)
  A jelly (D:5)
  2 orc priests (D:4)
  Natasha (D:1)
  4 orc wizards (D:4)
  6 adders
  4 gnolls (D:4)
  A ribbon worm (D:2)
  A dart slug (D:4)
  10 orcs
  4 endoplasms
  An endoplasm (shapeshifter) (D:2)
  2 giant cockroaches
  10 goblins
  7 hobgoblins
  3 jackals (D:1)
  5 kobolds
  2 quokkas
  5 ball pythons
  A bat (D:3)
  5 frilled lizards
  8 rats
85 creatures vanquished.

Vanquished Creatures (collateral kills)
  An ogre (D:4)
  A scorpion (D:4)
  2 goblins (D:4)
  A hobgoblin (D:4)
5 creatures vanquished.

Grand Total: 90 creatures vanquished

Notes
Turn   | Place    | Note
-------+----------+-------------------------------------------
     0 | D:1      | spaghetti the Naga Chaos Knight began the quest for the
                  | Orb.
     0 | D:1      | Reached XP level 1. HP: 21/21 MP: 1/1
    43 | D:1      | Reached XP level 2. HP: 26/28 MP: 2/2
   125 | D:1      | XOM: silly message
   138 | D:1      | Found a faded altar of an unknown god.
   186 | D:1      | XOM: smoke on damage
   451 | D:1      | XOM is BORED!
   552 | D:2      | Noticed Natasha
   562 | D:1      | Reached XP level 3. HP: 19/36 MP: 3/3
   628 | D:2      | Noticed Jessica
   634 | D:2      | XOM: divination: detect creatures
   638 | D:1      | Killed Natasha
   643 | D:1      | Noticed Natasha
   745 | D:2      | Jessica changed into Jessica the shapeshifter
   745 | D:2      | Noticed Jessica (shapeshifter)
   745 | D:2      | XOM: polymorph Jessica -> Jessica the shapeshifter
   745 | D:2      | Jessica the shapeshifter changed into Jessica the rat
   953 | D:2      | Reached XP level 4. HP: 31/45 MP: 4/4
   973 | D:2      | XOM: 1-stop teleportation journey
  1131 | D:2      | Reached skill level 5 in Fighting
  1309 | D:2      | XOM: torment (24/46 hp)
  1358 | D:2      | XOM: give mutations
  1358 | D:2      | Gained mutation: Your mind is acute. (Int +4, Str/Dex -1)
                  | [Xom's grace]
  1358 | D:2      | Gained mutation: You possess an exceptional clarity of
                  | mind. [Xom's grace]
  1358 | D:2      | Gained mutation: You are partially covered in iridescent
                  | scales. (AC +2) [Xom's grace]
  1427 | D:2      | Noticed Sigmund
  1437 | D:2      | XOM: fog
  1440 | D:2      | Killed Sigmund
  1441 | D:2      | Reached XP level 5. HP: 23/52 MP: 5/10
  1441 | D:2      | Reached XP level 6. HP: 27/61 MP: 5/11
  1447 | D:2      | Learned a level 4 spell: Petrify
  2475 | D:3      | XOM: polymorph jelly -> rat
  2728 | D:3      | Identified the +0 barding "Edausokk" {rF+ Str+4} (Xom
                  | gifted it to you on level 3 of the Dungeon)
  2728 | D:3      | XOM: god gift: +0 barding "Edausokk" {rF+ Str+4}
  2943 | D:4      | Reached skill level 1 in Alchemy
  3143 | D:4      | XOM is BORED!
  3355 | D:4      | XOM: butterfly on damage
  3358 | D:4      | Reached XP level 7. HP: 17/67 MP: 13/13
  3363 | D:4      | Reached skill level 5 in Alchemy
  3453 | D:4      | Found a staircase to the Ecumenical Temple.
  3453 | D:4      | XOM: 1-stop teleportation journey
  3563 | D:4      | XOM: scenery: 2 doors open
  3806 | D:4      | XOM: give mutations
  3806 | D:4      | Gained mutation: Your body sometimes deteriorates upon
                  | taking damage. [Xom's mischief]
  3806 | D:4      | Lost mutation: Your mind is acute. (Int +4, Str/Dex -1)
                  | [Xom's mischief]
  3891 | D:4      | XOM: give mutations
  3891 | D:4      | Gained mutation: Your spells are a little harder to cast,
                  | but a little more powerful. [Xom's mischief]
  3891 | D:4      | Gained mutation: You can exhale a cloud of poison. [Xom's
                  | mischief]
  4074 | D:4      | Reached skill level 1 in Earth Magic
  4340 | D:4      | XOM: cloud trail
  4367 | D:4      | Learned a level 5 spell: Irradiate
  4433 | D:5      | Entered Level 5 of the Dungeon
  4438 | D:5      | Noticed Dowan
  4438 | D:5      | Noticed Duvessa
  4451 | D:5      | Duvessa changed into Duvessa the endoplasm
  4451 | D:5      | Noticed Duvessa
  4451 | D:5      | XOM: polymorph Duvessa -> Duvessa the endoplasm
  4454 | D:5      | Killed Duvessa the endoplasm
  4456 | D:5      | Killed Dowan
  4462 | D:5      | XOM: confuse monster(s)
  4463 | D:5      | HP: 5/100 [acid (2)]
  4474 | D:5      | HP: 3/67 [orc/+0 hand axe (5)]
  4476 | D:5      | XOM: summons friendly crimson imp
  4480 | D:5      | Slain by a hound

Illustrated notes

Levels and vault maps discovered:
D:1:      lightli_arrival_quake, layout_rooms, ebering_ecumenical_altar_mist,
          corexii_item_surrounded_by_moat
D:2:      layout_basic, uniq_jessica, uniq_natasha, uniq_sigmund
D:3:      layout_basic, eino_tiny_chamber
D:4:      minmay_recursive_quarters, layout_cave_pools,
          minmay_temple_entry_statues_pillars, serial_library,
          serial_library_regret_index_branch_corner,
          serial_library_regret_index_multi, serial_library_hellmonk_room_b,
          serial_library_hellmonk_junction, serial_library_hellmonk_hallway_b,
          serial_library_hellmonk_small_corner,
          serial_library_regret_index_split_case,
          serial_library_hellmonk_long_bookcase, kennysheep_orc_chapel
D:5:      lemuel_ratsnest, layout_loops_cross,
          pdpol_temple_overflow_zin_treasury_gozag_greed,
          hangedman_decor_peaks_small, uniq_pikel, uniq_duvessa

Skill      XL: |  1  2  3  4  5  6  7 |
---------------+----------------------+-----
Fighting       | 4 5 |  5.0
Spellcasting   | 3 4 |  4.0
Alchemy        | 4 5 |  5.0
Earth Magic    | 3 |  3.4
Polearms       | |  3.0
Armour         | |  1.5
Dodging        | |  0.7

Action                     |  1- 3 |  4- 6 |  7- 9 || total
---------------------------+-------+-------+-------++-------
  Melee: Spear             |    75 |       |       ||    75
         Dagger            |    28 |   177 |    30 ||   235
         Punch             |       |     3 |     1 ||     4
Ability: Spit Poison       |     7 |    10 |       ||    17
         Breathe Poison Ga |       |       |     5 ||     5
  Evoke: Wand              |       |       |     1 ||     1
    Use: Scroll            |     4 |     3 |     2 ||     9
         Potion            |     2 |     3 |     3 ||     8
 Armour: Leather armour    |    61 |   150 |    39 ||   250
  Dodge: Dodged            |    47 |    74 |     8 ||   129
